 Dungeon Crawl Stone Soup version 0.23.2-1-ga50397a6bc (webtiles) character file.

Game seed: 10170348224887219165

40 GreaterElenko the Sneak (level 3, 0/24 HPs)
             Began as a Vampire Enchanter on Apr 17, 2019.
             Slain by an adder (4 damage)
             ... on level 2 of the Dungeon.
             The game lasted 00:05:45 (2030 turns).

GreaterElenko the Sneak (Vampire Enchanter)         Turns: 2030, Time: 00:05:46

Health: 0/24       AC:  4    Str:  7    XL:     3   Next: 30%
Magic:  0/6        EV: 12    Int: 18    God:
Gold:   39         SH:  0    Dex: 14    Spells: 3/6 levels left

rFire    . . .     SeeInvis +   a - +1 dagger
rCold    . . .     Gourm    .   (no shield)
rNeg     + . .     Faith    .   b - +0 robe
rPois    .         Spirit   .   l - +0 helmet
rElec    .         Reflect  .   (no cloak)
rCorr    .         Harm     .   (no gloves)
MR       .....                  m - +0 pair of boots (curse)
Stlth    +++.......             (no amulet)
HPRegen  0.08/turn              (no ring)
MPRegen  0.10/turn              (no ring)

@: very slightly contaminated
A: fangs 3, see invisible, unbreathing
a: Bat Form


You were on level 2 of the Dungeon.
You were not thirsty.

You visited 1 branch of the dungeon, and saw 2 of its levels.

You collected 39 gold pieces.

Inventory:

Hand Weapons
 a - a +1 dagger (weapon)
Armour
 b - a +0 robe (worn)
 l - a +0 helmet (worn)
   (You found it on level 1 of the Dungeon)
 m - a cursed +0 pair of boots (worn)
   (You found it on level 2 of the Dungeon)
Scrolls
 c - a scroll of noise {unknown}
 d - a scroll of magic mapping {unknown}
 e - 2 scrolls of identify {unknown}
 g - 2 scrolls of enchant weapon {unknown}
 h - a scroll of fog {unknown}
 j - a scroll of teleportation {unknown}
 k - a scroll of fear {unknown}
 n - a scroll of blinking {unknown}
Potions
 f - a potion of flight {unknown}
 i - a potion of lignification {unknown}
 q - 3 potions of blood {@q0}


   Skills:
 + Level 2.3 Short Blades
 - Level 2.1 Dodging
 + Level 5.5 Stealth
 - Level 2.1 Spellcasting
 - Level 4.7 Hexes


You had 3 spell levels left.
You knew the following spells:

 Your Spells              Type           Power        Failure   Level  Hunger
a - Corona                Hex            ###....      2%          1    #......
x - Ensorcelled Hibernat  Hex/Ice        ##....       11%         2    ###....

Your spell library contained the following spells:

 Spells                   Type           Power        Failure   Level  Hunger
 Confuse                  Hex            ###.....     8%          3    ###....
 Tukima's Dance           Hex            ###.....     8%          3    ###....
 Dazzling Spray           Conj/Hex       ##....       21%         3    ###....


Dungeon Overview and Level Annotations

Branches:
Dungeon (2/15)

Altars:


Innate Abilities, Weirdness & Mutations

You have razor-sharp teeth.
You have supernaturally acute eyesight. (SInv)
You can survive without breathing.


Message History

Aim: an adder (chance to defeat MR: 50%)
The adder looks drowsy...
The helpless adder fails to defend itself.
You impale the adder!!
You kill the adder!
Unknown command.
You bottle the corpse's blood.
q - 3 potions of blood {@q0} (gained 1)
The adder is too close now for your liking.
An adder is nearby!
An adder is nearby!
An adder is nearby!
The adder hisses angrily.
The adder bites you.
Aim: an adder (chance to defeat MR: 50%)
The adder resists with some effort.
The adder closely misses you.
You miss the adder. The adder barely misses you.
You don't have enough magic to cast that spell.
Unknown command.
The adder bites you.
Unknown command.
The adder bites you.
Aim: an adder (chance to defeat MR: 50%)
You miscast Ensorcelled Hibernation.
You are very lightly contaminated with residual magic.
Frost spreads across the the floor.
The adder bites you.
Unknown command.
You barely miss the adder. The adder bites you.
* * * LOW HITPOINT WARNING * * *
The adder closely misses you.
You hit the adder but do no damage. You bite the adder.
The adder bites you but does no damage.
You hit the adder but do no damage. The adder bites you.
* * * LOW HITPOINT WARNING * * *
You hit the adder. Your bite misses the adder. The adder closely misses you.
You hit the adder but do no damage. The adder closely misses you.
You closely miss the adder. The adder bites you but does no damage.
You hit the adder. The adder barely misses you.
You hit the adder. The adder misses you. The adder barely misses you.
You closely miss the adder. The adder misses you.
You miss the adder. The adder barely misses you.
You closely miss the adder. The adder closely misses you.
You miss the adder. The adder bites you.
* * * LOW HITPOINT WARNING * * *
Aim: an adder (almost dead, chance to defeat MR: 65%)
The adder is outlined in light.
The adder bites you.
* * * LOW HITPOINT WARNING * * *
The adder barely misses you.
You barely miss the adder. The adder bites you.
You die...

#.# ##.# #.... #%. ..#
#..# #.## #.#
#######$.#
#.##.##.####..$.....#
#.##............†...#
#.#####.##..........#
##.#####.##.....##.###
.......÷.###...###.#
###.###### #....@S.#
....<..# #.......#
.##.##.# ##...####
.##.##.# #...#
.......# #...#
..####.# ###...#
.>####.##........
.................
..#.##.##.....


You could see an adder.

Vanquished Creatures
  2 adders (D:2)
  A dart slug (D:2)
  3 bats (D:2)
  A giant cockroach (D:1)
  2 goblins (D:1)
  2 jackals (D:1)
  3 frilled lizards (D:2)
  4 kobolds (D:1)
  4 rats
22 creatures vanquished.

Notes
Turn   | Place    | Note
-------+----------+-------------------------------------------
     0 | D:1      | GreaterElenko the Vampire Enchanter began the quest for the
                  | Orb.
     0 | D:1      | Reached XP level 1. HP: 13/13 MP: 3/3
   867 | D:1      | Reached XP level 2. HP: 18/19 MP: 5/5
  1130 | D:1      | Learned a level 2 spell: Ensorcelled Hibernation
  1906 | D:2      | Reached skill level 5 in Stealth
  1989 | D:2      | Reached XP level 3. HP: 24/24 MP: 6/6
  2030 | D:2      | Slain by an adder

Skill      XL: |  1  2 |
---------------+-------+-----
Stealth        | 5 |  5.5
Short Blades   | 2 |  2.3
Dodging        | |  2.1
Spellcasting   | |  2.1
Hexes          | |  4.7

Action                   || total
-------------------------++-------
Melee: Dagger            ||    89
       Bite              ||     3
 Cast: Corona            ||     8
       Ensorcelled Hiber ||     5
  Use: Potion            ||     3
 Stab: Sleeping          ||     7
       Distracted        ||     1
Armor: Robe              ||    29
Dodge: Dodged            ||    71
